 Dungeon Crawl Stone Soup version 0.31-a0-1620-gcbf77bbcfc (webtiles) character file.

Game seed: 5811051930933657373

153 Newt the Shooter (level 5, -4/35 HPs)
             Began as a Kobold Hunter on Jan 11, 2024.
             Slain by Duvessa
             ... wielding a +6 short sword of flaming
              (6 damage)
             ... on level 4 of the Dungeon.
             The game lasted 00:03:10 (2618 turns).

Newt the Shooter (Kobold Hunter)                    Turns: 2618, Time: 00:03:12

Health: -4/35      AC:  7    Str:  9    XL:     5   Next: 61%
Magic:  5/5        EV: 14    Int: 10    God:
Gold:   154        SH:  0    Dex: 20    Spells: 4/4 levels left

rFire   . . .        a - +0 shortbow
rCold   . . .        (shield currently unavailable)
rNeg    . . .        c - +1 leather armour
rPois   .            (no helmet)
rElec   .            g - +2 cloak {Will+}
rCorr   .            (no gloves)
SInv    .            (no boots)
Will    +....        (no amulet)
Stlth   +++          (no ring)
HPRegen 0.25/turn    (no ring)
MPRegen 0.09/turn

%: no passive effects
@: hasted, very quick
A: small, no large weapons, nightstalker 3
a: no special abilities


You were on level 4 of the Dungeon.
You visited 1 branch of the dungeon, and saw 4 of its levels.

You collected 154 gold pieces.

Inventory:

Hand Weapons
 a - a +0 shortbow (weapon)
Armour
 c - a +1 leather armour (worn)
 g - a +2 cloak of willpower (worn)
Wands
 q - a wand of paralysis (9)
Scrolls
 b - a scroll of butterflies
 d - a scroll of immolation
 h - 2 scrolls of poison
 k - 2 scrolls of revelation
Potions
 e - a potion of cancellation
 f - 2 potions of degeneration
 l - a potion of mutation
 o - a potion of berserk rage {unknown}
 p - a potion of curing {unknown}


   Skills:
 - Level 5.0 Fighting
 + Level 6.5 Ranged Weapons
 - Level 2.4 Dodging
 - Level 1.3 Stealth


You had 4 spell levels left.
You didn't know any spells.
Your spell library contained the following spells:

 Spells                   Type           Power      Damage    Failure   Level
 Summon Small Mammal      Summ           0%         N/A       47%         1
 Call Canine Familiar     Summ           0%         N/A       85%         3
 Summon Blazeheart Golem  Fire/Summ      0%         N/A       99%         4


Dungeon Overview and Level Annotations

Branches:
Dungeon (4/15)
 Temple: D:4-7

Altars:

Annotations:
D:4 Duvessa


Innate Abilities, Weirdness & Mutations

You are small and have problems with some larger weapons.
You are completely attuned to the shadows.


Message History

Found a stone staircase leading up.
As you read the scroll of identify, it crumbles to dust.
l - a potion of mutation
As you read the scroll labelled GAEGHA OCOUNT, it crumbles to dust.
You hear a loud clanging noise!
It was a scroll of noise.
You hear a shout! x3; You hear a bark!
As you read the scroll labelled HEFICAE PEGHO, it crumbles to dust.
It is a scroll of amnesia.
You feel forgetful for a moment.
You now have 154 gold pieces (gained 16).
Duvessa, Sister of Dowan comes into view.
She is wielding a +6 short sword of flaming.
Duvessa is nearby!
You shoot an arrow. The arrow completely misses Duvessa.
You shoot an arrow. The arrow barely misses Duvessa.
You shoot an arrow. The arrow hits Duvessa.
Duvessa is lightly wounded.
Duvessa barely misses you.
You shoot an arrow. The arrow closely misses Duvessa.
Duvessa completely misses you.
You feel yourself speed up. Duvessa completely misses you.
You shoot an arrow. The arrow hits Duvessa.
Duvessa is lightly wounded.
You shoot an arrow.
The arrow hits Duvessa but does no damage.
Duvessa is lightly wounded.
You shoot an arrow. The arrow barely misses Duvessa.
Duvessa hits you with a +6 short sword of flaming!
Duvessa burns you.
You shoot an arrow. The arrow barely misses Duvessa.
You shoot an arrow. The arrow barely misses Duvessa.
Duvessa hits you with a +6 short sword of flaming!
Duvessa burns you.
You shoot an arrow.
The arrow hits Duvessa but does no damage.
Duvessa is lightly wounded.
Duvessa hits you with a +6 short sword of flaming!
* * * LOW HITPOINT WARNING * * *
Duvessa burns you.
You die...

****** #.**.# *,* * #.##.###
***,*** * *......## *,,,,,* *
***####.#<..## *,,,,,* *
*,,..........# *,,,,,* *
*,*####.#....# *,,,,,* * *,*
#.##.#.# *,,,,,* * *.#####.##.#.#
*****,* *****..........#@# *,*
,,,,,..####.####e# *,*
,,,,,.......# #.# *,* *
*****.####..# #.# *,* *** ,,,,,,*
#..# #.# *,******,, ****,,* #..#
#.# *,,,,,,,,, *,,* #..# #.#
****,,,,,,
****,.####..####.#*********,**,_,
,,,,,.............,,,,,,,**,**,,,


You could see Duvessa.

Vanquished Creatures
  An iguana (D:3)
  4 gnolls (D:2)
  An adder (D:4)
  2 ribbon worms
  2 dart slugs
  2 endoplasms (D:1)
  2 giant cockroaches
  6 goblins
  9 hobgoblins
  6 jackals
  3 quokkas
  10 ball pythons
  9 bats
  6 frilled lizards
  3 kobolds
66 creatures vanquished.

Notes
Turn   | Place    | Note
-------+----------+-------------------------------------------
     0 | D:1      | Newt the Kobold Hunter began the quest for the Orb.
     0 | D:1      | Reached XP level 1. HP: 12/12 MP: 1/1
    65 | D:1      | Reached XP level 2. HP: 18/18 MP: 2/2
   157 | D:1      | Reached XP level 3. HP: 17/23 MP: 3/3
   781 | D:2      | Reached XP level 4. HP: 30/30 MP: 4/4
  1108 | D:2      | Reached skill level 5 in Fighting
  1130 | D:2      | Reached XP level 5. HP: 11/35 MP: 5/5
  1544 | D:3      | Reached skill level 6 in Ranged Weapons
  2603 | D:4      | Noticed Duvessa
  2618 | D:4      | Slain by Duvessa

Illustrated notes

Levels and vault maps discovered:
D:1:      mrwooster_arrival_statue, layout_rooms
D:2:      layout_loops_ring
D:3:      layout_loops_cross, minmay_vboxes
D:4:      dreamdust_elfheim, layout_loops_ring,
          mainiacjoe_overflow_small_starburst, grunt_temple_overflow_open,
          uniq_eustachio

Skill      XL: |  1  2  3  4  5 |
---------------+----------------+-----
Fighting       | 3 4 5 |  5.0
Ranged Weapons | 6 |  6.5
Dodging        | |  2.4
Stealth        | |  1.3

Action                     |  1- 3 |  4- 6 || total
---------------------------+-------+-------++-------
   Fire: Shortbow          |    97 |    98 ||   195
    Use: Scroll            |     4 |     7 ||    11
         Potion            |       |     2 ||     2
 Armour: Leather armour    |    23 |    29 ||    52
  Dodge: Dodged            |    28 |    46 ||    74

Table legend: (Time is in decaauts)
 A = Elapsed time spent in this place.
 B = Non-inter-level travel time spent in this place.
 C = Inter-level travel time spent in this place.
 D = Time resting spent in this place.
 E = Time spent auto-exploring this place.
 F = Levels seen in this place.
 G = Mean time per level.
                   A        B        C        D        E       F      G
               +--------+--------+--------+--------+--------+-----+--------+
         Total |   2629 |   2583 |     46 |    364 |   1846 |   4 |  657.2 |
       Dungeon |   2629 |   2583 |     46 |    364 |   1846 |   4 |  657.2 |
               +--------+--------+--------+--------+--------+-----+--------+

Top non-repeatable levels by time:
     D:3: 1014 daAuts
     D:2: 978 daAuts
     D:1: 553 daAuts
     D:4: 83 daAuts
